 Dungeon Crawl Stone Soup version bcrawl-1.17.3 (webtiles) character file.

Game seed: 13221355185859737076

44 Gumption the Cudgeler (level 3, -5/30 HPs)
             Began as a Sand Dwarf Archaeologist on Oct 19, 2019.
             Killed by divine providence
             ... invoked by an orc priest
              (15 damage)
             ... on level 2 of the Dungeon.
             The game lasted 00:12:56 (1219 turns).

Gumption the Cudgeler (Sand Dwarf Archaeologist)    Turns: 1219, Time: 00:12:56

Health: -5/30      AC: 11    Str: 16    XL:     3   Next: 62%
Magic:  3/3        EV:  9    Int: 14    God:
Gold:   51         SH:  0    Dex:  9    Spells: 2/2 levels left

rFire    . . .     SeeInvis .   a - +0 whip
rCold    . . .     Gourm    .   (shield restricted)
rNeg     . . .     Faith    .   p - +0 chain mail
rPois    .         Spirit   .   c - +1 hat
rElec    .         Reflect  .   (no cloak)
rCorr    .         Harm     .   (no gloves)
MR       .....                  d - +1 pair of boots
Stlth    ..........             (no amulet)
HPRegen  0.10/turn              (no ring)
MPRegen  0.08/turn              (no ring)

@: studying Armour, slow
A: small, slowness 1, armour attunement
a: no special abilities


You were on level 2 of the Dungeon.
You were hungry.

You visited 1 branch of the dungeon, and saw 2 of its levels.

You collected 51 gold pieces.

Inventory:

Hand Weapons
 a - a +0 whip (weapon)
Missiles
 i - 125 bolts
Armour
 c - a +1 hat (worn)
 d - a +1 pair of boots (worn)
 p - a +0 chain mail (worn)
Scrolls
 b - a scroll of fog {unknown}
 k - 4 scrolls of remove curse {unknown}
 n - a scroll of enchant armour {unknown}
Potions
 j - 2 potions of might {unknown}
 l - 2 potions of invisibility {unknown}
 m - a potion of cancellation {unknown}
Books
 g - a manual of Armour
Miscellaneous
 f - an ancient crate
Comestibles
 e - 2 rations {!d}
 h - a chunk of flesh


   Skills:
 + Level 2.4 Fighting
 * Level 4.0 Maces & Flails
 + Level 1.1 Armour
 - Level 2.4 Dodging
 - Level 2.4 Stealth


You had 2 spell levels left.
You didn't know any spells.
Your spell library was empty.

Dungeon Overview and Level Annotations

Branches:
Dungeon (2/12)

Altars:
Fedhas


Innate Abilities, Weirdness & Mutations

You are small and have problems with some larger weapons.
You cover ground slowly.
Armour does not affect your spellcasting.


Message History

The orc hits you but does no damage.
You hit the orc but do no damage.
The orc is heavily wounded.
The orc priest calls upon Beogh to heal the orc.
The orc's wounds heal themselves!
You barely miss the orc. The orc closely misses you.
You hit the orc.
The orc is heavily wounded.
The orc hits you with a +0 war axe.
Your chain mail prevents you from hitting the orc.
The orc is heavily wounded.
The orc priest calls upon Beogh to heal the orc.
The orc's wounds heal themselves!
The orc hits you but does no damage.
Some of the chunks of flesh in your inventory have rotted away.
You hit the orc but do no damage. You hit the orc but do no damage.
The orc barely misses you.
The orc priest calls down the wrath of Beogh upon you.
Beogh smites you!
Ouch! That really hurt!
You die...

########'##
#..# ####.#
..##.#
#.##.##
#.##..#
#.###.##+#
#.# #..#.#
#@# ##.#.#
#o####.#.#
#oo......#
#####.#..#
#.#..###
#.##...#
#####...>#.#
............#
.#########..#


You could see an orc priest and 2 orcs.

Vanquished Creatures
  2 oozes (D:1)
  A worm (D:1)
  2 dart slugs
  A leopard gecko (D:1)
  8 bats
  A giant cockroach (D:1)
  3 goblins
  2 hobgoblins
  2 jackals (D:1)
  3 kobolds
  3 rats
28 creatures vanquished.

Notes
Turn   | Place    | Note
-------+----------+-------------------------------------------
     0 | D:1      | Gumption the Sand Dwarf Archaeologist began the quest for
                  | the Orb.
     0 | D:1      | Reached XP level 1. HP: 16/16 MP: 1/1
   168 | D:1      | Reached skill level 2 in Maces & Flails
   262 | D:1      | Reached XP level 2. HP: 24/24 MP: 2/2
   354 | D:1      | Reached skill level 3 in Maces & Flails
   753 | D:1      | Reached XP level 3. HP: 27/29 MP: 3/3
   956 | D:1      | Reached skill level 1 in Armour
  1031 | D:2      | Reached skill level 4 in Maces & Flails
  1068 | D:2      | Found a blossoming altar of Fedhas.
  1219 | D:2      | Killed from afar by an orc priest

Skill      XL: |  1  2  3 |
---------------+----------+-----
Maces & Flails | 2 3 4 |  4.0
Fighting       | 2 |  2.4
Armour         | 1 |  1.1
Dodging        | |  2.4
Stealth        | |  2.4

Action                   || total
-------------------------++-------
Melee: Whip              ||   160
  Eat: Chunk             ||     1
Armor: Robe              ||    38
       Ring mail         ||    12
       Chain mail        ||    11
Dodge: Dodged            ||   107
